 Dungeon Crawl Stone Soup version 0.30-a0-364-gf6b3ef1049 (webtiles) character file.

Game seed: 2742810112000039607

81 RascalDebosk the Magician (level 4, -1/33 HPs)
             Began as a Djinni Reaver on Nov 15, 2022.
             Slain by a gnoll
             ... wielding a +0 club
              (5 damage)
             ... on level 3 of the Dungeon.
             The game lasted 00:15:14 (2355 turns).

RascalDebosk the Magician (Djinni Reaver)           Turns: 2355, Time: 00:15:15

Health: -1/33      AC:  5    Str: 11    XL:     4   Next: 67%
Gold:   108        EV: 11    Int: 17    God:
                   SH:  0    Dex: 11

rFire   + + .      SeeInvis +    a - +0 falchion
rCold   x . .      Faith    .    (no shield)
rNeg    . . .      Spirit   .    b - +0 leather armour
rPois   ∞          Reflect  .    l - +1 helmet {SInv}
rElec   .          Harm     .    (no cloak)
rCorr   .          Rampage  .    (no gloves)
Will    .....                    (boots unavailable)
Stlth   +.........               (no amulet)
HPRegen 0.25/turn                (no ring)
MPRegen 0.00/turn                (no ring)

@: flying
A: sickness immunity, fire resistance 2, cold vulnerability 1, float, innate
caster, HP casting, extra vitality 1
a: no special abilities


You were on level 3 of the Dungeon.
You visited 1 branch of the dungeon, and saw 3 of its levels.

You collected 108 gold pieces.

Inventory:

Hand Weapons
 a - a +0 falchion (weapon)
Armour
 b - a +0 leather armour (worn)
 l - a +1 helmet of see invisible (worn)
Scrolls
 c - a scroll of torment {unknown}
 d - a scroll of magic mapping {unknown}
 e - 2 scrolls of teleportation {unknown}
 f - a scroll of silence {unknown}
 j - a scroll of identify {unknown}
 k - a scroll of vulnerability {unknown}
 o - a scroll of acquirement {unknown}
Potions
 g - a potion of magic {unknown}
 h - a potion of curing {unknown}
 i - 2 potions of attraction {unknown}
 m - a potion of degeneration {unknown}
 n - a potion of heal wounds {unknown}


   Skills:
 - Level 2.0 Fighting
 - Level 2.6 Long Blades
 - Level 2.1 Dodging
 * Level 4.0 Spellcasting


You had 4 spell levels left.
You knew the following spells:

 Your Spells              Type           Power      Damage    Failure   Level
a - Kiss of Death         Conj/Necr      68%        2d10      4%          1
b - Momentum Strike       Conj/Tloc      34%        3d8       6%          2
c - Hailstorm             Conj/Ice       17%        3d6       12%         3
d - Slow                  Hex            68%        N/A       4%          1
Your spell library was empty.

Dungeon Overview and Level Annotations

Branches:
Dungeon (3/15)

Altars:


Innate Abilities, Weirdness & Mutations

You are immune to sickness and miasma.
You are immune to poison.
Your flesh is very heat resistant. (rF++)
You are vulnerable to cold. (rC-)
You float through the air rather than walking.
You learn spells naturally, not from books.
Your magical power is your life essence.
You have superior vitality. (+4 MHP)


Message History

There is a stone staircase leading up here.
Aiming: Kiss of Death (safe; 4% risk of failure)
Press: ? - help, Q - select action, (/) - cycle Shift-Dir - straight line, f - you That would be overly suicidal.
Okay, then.
Casting: Kiss of Death (safe; 4% risk of failure)
Confirm with . or Enter, or press ? or * to list all spells.
Aiming: Momentum Strike (safe; 6% risk of failure)
Press: ? - help, Dir - move target, f - ball python
Aim: a ball python (68% to hit)
The concentrated momentum hits the ball python!
The ball python dies!
You are unable to move.
Casting: Momentum Strike (safe; 6% risk of failure)
Confirm with . or Enter, or press ? or * to list all spells.
You cannot redirect your momentum while unable to move.
Unknown command.
You cannot move.
You cannot move.
The endoplasm freezes you.
You are frozen!
You feel a terrible chill!
There are monsters nearby!
You barely miss the endoplasm. The endoplasm freezes you.
You are frozen!
You feel a terrible chill!
You hit the endoplasm.
The endoplasm is almost dead.
The endoplasm hits you but does no damage.
You hit the endoplasm.
You kill the endoplasm!
An orc comes into view. It is wielding a +0 whip.
The orc shouts!
You hit the goblin but do no damage.
You hear a shout!
The goblin barely misses you.
You slash the goblin!
You kill the goblin!
You are no longer robbed of momentum.
Your Spellcasting skill increases to level 4!
You see here a +0 club.
Found 4 boomerangs.
Casting: Momentum Strike (safe; 6% risk of failure)
Confirm with . or Enter, or press ? or * to list all spells.
Aiming: Momentum Strike (safe; 6% risk of failure)
Press: ? - help, Dir - move target, f - orc
Aim: an orc, wielding a +0 whip and wearing a +0 leather armour (71% to hit)
The concentrated momentum hits the orc!!
The orc dies!
You are unable to move.
You are no longer robbed of momentum.
You start resting.
You hear the slow rusting of a very distant drain.
You start resting.
HP restored.
A gnoll comes into view. It is wielding a +0 flail.
A gnoll is nearby!
The gnoll shouts!
Casting: Momentum Strike (safe; 6% risk of failure)
Confirm with . or Enter, or press ? or * to list all spells.
Aiming: Momentum Strike (safe; 6% risk of failure)
Press: ? - help, Dir - move target, f - gnoll
Aim: a gnoll, wielding a +0 flail (75% to hit)
The concentrated momentum misses the gnoll.
Casting: Momentum Strike (safe; 6% risk of failure)
Confirm with . or Enter, or press ? or * to list all spells.
Aiming: Momentum Strike (safe; 6% risk of failure)
Press: ? - help, Dir - move target, f/p - gnoll
Aim: a gnoll, wielding a +0 flail (75% to hit)
The concentrated momentum hits the gnoll!!
The gnoll dies!
You are unable to move.
A gnoll comes into view. It is wielding a +0 club.
The gnoll shouts!
A gnoll comes into view. It is wielding a +0 halberd.
You barely miss the gnoll.
You are no longer robbed of momentum.
The gnoll hits you from afar with a +0 halberd.
The gnoll closely misses you. The gnoll barely misses you.
The gnoll closely misses you.
You closely miss the gnoll. The gnoll misses you. The gnoll closely misses you.
You barely miss the gnoll. The gnoll closely misses you. x2
You hit the gnoll.
The gnoll is heavily wounded.
The gnoll closely misses you. The gnoll hits you with a +0 halberd!
You hit the gnoll.
The gnoll is heavily wounded.
The gnoll hits you with a +0 club. The gnoll hits you with a +0 halberd.
* * * LOW HITPOINT WARNING * * *
You hit the gnoll but do no damage.
The gnoll is heavily wounded.
The gnoll hits you but does no damage. The gnoll hits you with a +0 halberd!
* * * LOW HITPOINT WARNING * * *
The gnoll barely misses you. The gnoll hits you but does no damage.
You barely miss the gnoll.
The gnoll is heavily wounded.
The gnoll barely misses you. x2
You hit the gnoll.
The gnoll is heavily wounded.
The gnoll hits you with a +0 club.
You die...

#. .# #. #$#
#.###.########
##<...........
#............
#.......#
#)<.....#
#...)...##..
#...@g......
.......g....###.
#####.......#
#...>...#
####.#### #.#
.(. ...


You could see 2 gnolls.

Vanquished Creatures
  Natasha (D:2)
  2 adders (D:2)
  A worm (D:2)
  3 bats
  4 endoplasms
  11 goblins
  5 hobgoblins
  3 jackals (D:1)
  A kobold (D:2)
  2 ball pythons
33 creatures vanquished.

Vanquished Creatures (others)
  Natasha (D:2)
  Robin (D:2)
  An adder (D:2)
  A gnoll (D:3)
  A worm (D:2)
  A dart slug (D:2)
  An orc (D:3)
  3 bats
  2 endoplasms
  A jackal (D:1)
  A quokka (D:2)
  3 ball pythons
  A kobold (D:2)
  2 rats (D:1)
20 creatures vanquished.

Grand Total: 53 creatures vanquished

Notes
Turn   | Place    | Note
-------+----------+-------------------------------------------
     0 | D:1      | RascalDebosk the Djinni Reaver began the quest for the Orb.
     0 | D:1      | RascalDebosk set off with the following spells memorised:
                  | Kiss of Death, Momentum Strike, Hailstorm.
     0 | D:1      | Reached XP level 1. HP: 18/18 MP: 0/0
    41 | D:1      | Found a faded altar of an unknown god.
   194 | D:1      | Reached XP level 2. HP: 20/23 MP: 0/0
   441 | D:1      | Reached skill level 3 in Spellcasting
   969 | D:2      | Reached XP level 3. HP: 18/26 MP: 0/0
   969 | D:2      | Learned a level 1 spell: Slow
  1144 | D:2      | Noticed Robin
  1154 | D:2      | Killed Robin
  1182 | D:2      | HP: 1/28 [goblin/+0 dagger[Robin] (1)]
  1598 | D:2      | Reached XP level 4. HP: 12/33 MP: 0/0
  1707 | D:2      | Noticed Natasha
  1712 | D:2      | Killed Natasha
  2024 | D:2      | Noticed Natasha
  2037 | D:2      | Killed Natasha
  2277 | D:3      | Reached skill level 4 in Spellcasting
  2355 | D:3      | Slain by a gnoll

Illustrated notes

Levels and vault maps discovered:
D:1:      dpeg_arrival_tiny_a, layout_loops_cross,
          ebering_ecumenical_altar_mist, amethyst_killhole
D:2:      layout_basic, uniq_robin, uniq_natasha
D:3:      layout_loops_ring, nicolae_overflow_quartered_altars,
          gup_sewer_entry_spiral, uniq_sigmund

Skill      XL: |  1  2  3  4 |
---------------+-------------+-----
Spellcasting   | 3 4 |  4.0
Fighting       | |  2.0
Long Blades    | |  2.6
Dodging        | |  2.1

Action                   |  1- 3 |  4- 6 || total
-------------------------+-------+-------++-------
Melee: Falchion          |   127 |    25 ||   152
 Cast: Momentum Strike   |    19 |     9 ||    28
       Kiss of Death     |     1 |       ||     1
       Hailstorm         |       |     4 ||     4
Armor: Leather armour    |    48 |     8 ||    56
Dodge: Dodged            |    75 |    15 ||    90

Table legend: (Time is in decaauts)
 A = Elapsed time spent in this place.
 B = Non-inter-level travel time spent in this place.
 C = Inter-level travel time spent in this place.
 D = Time resting spent in this place.
 E = Time spent auto-exploring this place.
 F = Levels seen in this place.
 G = Mean time per level.
                   A        B        C        D        E       F      G
               +--------+--------+--------+--------+--------+-----+--------+
         Total |   2387 |   2347 |     40 |    518 |   1280 |   3 |  795.7 |
       Dungeon |   2387 |   2347 |     40 |    518 |   1280 |   3 |  795.7 |
               +--------+--------+--------+--------+--------+-----+--------+

Top non-repeatable levels by time:
     D:2: 1514 daAuts
     D:1: 782 daAuts
     D:3: 90 daAuts
